 Dungeon Crawl Stone Soup version 0.22-a0-322-g60b3cfd (webtiles) character file.

703 esteth the Conjurer (level 7, -1/36 HPs)
             Began as a Deep Elf Conjurer on Apr 1, 2018.
             Slain by an iguana (11 damage)
             ... on level 6 of the Dungeon on Apr 4, 2018.
             The game lasted 00:18:59 (6317 turns).

esteth the Conjurer (Deep Elf Conjurer)             Turns: 6317, Time: 00:19:00

Health: -1/36      AC:  3    Str:  5    XL:     7   Next: 39%
Magic:  0/16       EV: 13    Int: 27    God:
Gold:   327        SH:  6    Dex: 20    Spells: 4/16 levels left

rFire    . . .     SeeInvis .   l - +0 dagger
rCold    . . .     Gourm    .   x - +0 buckler
rNeg     . . .     Faith    .   a - +0 robe
rPois    .         Spirit   .   (no helmet)
rElec    .         Reflect  .   (no cloak)
rCorr    .         Harm     .   (no gloves)
MR       .....                  b - +0 pair of boots
Stlth    ++........             (no amulet)
HPRegen  0.12/turn              j - +5 ring of dexterity
MPRegen  0.15/turn              A - +5 ring of intelligence

@: no status effects
A: no striking features
a: no special abilities


You were on level 6 of the Dungeon.
You were not hungry.

You visited 1 branch of the dungeon, and saw 6 of its levels.

You collected 327 gold pieces.

Inventory:

Hand Weapons
 l - a +0 dagger (weapon)
Armour
 a - a +0 robe (worn)
 b - a +0 pair of boots (worn)
 x - a +0 buckler (worn)
Jewellery
 i - an uncursed ring of protection from cold
 j - a +5 ring of dexterity (left hand)
 A - a +5 ring of intelligence (right hand)
Wands
 y - a wand of flame (24)
Scrolls
 f - 3 scrolls of teleportation
 g - 8 scrolls of remove curse
 h - a scroll of immolation {unknown}
 o - a scroll of enchant armour {unknown}
 r - 2 scrolls of fog {unknown}
 s - 3 scrolls of noise {unknown}
 t - a scroll of magic mapping
 u - a scroll of random uselessness {unknown}
 v - a scroll of identify
 w - a scroll of enchant weapon {unknown}
 z - a scroll of vulnerability {unknown}
 B - a scroll of fear
 C - a scroll of blinking {unknown}
 D - 2 scrolls of amnesia {unknown}
Potions
 d - a potion of heal wounds {unknown}
 e - a potion of degeneration {unknown}
 k - a potion of resistance {unknown}
 m - a potion of mutation {unknown}
 n - 3 potions of curing {unknown}
 p - a potion of haste {unknown}
 q - 3 potions of might {unknown}
Comestibles
 c - 11 rations
 E - a chunk of flesh


   Skills:
 - Level 2.4 Dodging
 - Level 2.4 Stealth
 - Level 4.2 Shields
 + Level 5.2 Spellcasting
 - Level 6.5 Conjurations
 + Level 2.5 Summonings


You had 4 spell levels left.
You knew the following spells:

 Your Spells              Type           Power        Failure   Level  Hunger
a - Magic Dart            Conj           ####         1%          1    None
b - Call Imp              Summ           ###.....     3%          2    None
c - Conjure Flame         Conj/Fire      ###.....     5%          3    #......
d - Fulminant Prism       Conj/Hex       ###.......   19%         4    ###....
e - Blink                 Tloc           N/A          11%         2    None


Dungeon Overview and Level Annotations

Branches:
Dungeon (6/15)
 Temple: D:4-7

Altars:
Makhleb


Message History

You block the iguana's attack.
Casting: Magic Dart (safe; 1% risk of failure)
Confirm with . or Enter, or press ? or * to list all spells.
Aiming: Magic Dart (safe; 1% risk of failure)
Press: ? - help, Shift-Dir - straight line, f/p - iguana
Aim: an iguana (lightly wounded)
The magic dart hits the iguana.
The iguana is heavily wounded.
Your shadow imp barely misses the iguana.
You block the iguana's attack.
Casting: Magic Dart (safe; 1% risk of failure)
Confirm with . or Enter, or press ? or * to list all spells.
Aiming: Magic Dart (safe; 1% risk of failure)
Press: ? - help, Shift-Dir - straight line, f/p - iguana
Aim: an iguana (heavily wounded)
The magic dart hits the iguana.
The iguana is heavily wounded.
Your shadow imp hits the iguana but does no damage.
The iguana bites you!
You die...

.# ##.## .... ..#
###..#### #.......
####.#..#
#.######5....).#####
#.....@l5..5...)$...
###########>########
###.#### #......#
#.#.##.# #...##.#
#.####5# #.####.#
###......#####


You could see an iguana, 2 friendly crimson imps and a friendly shadow imp.

Vanquished Creatures
  An orc warrior (D:5)
  A scorpion (D:5)
  3 hounds
  An orc wizard (D:3)
  A worker ant (D:5)
  2 gnolls (D:6)
  2 adders (D:2)
  2 dart slugs
  A worm (D:3)
  4 leopard geckos
  5 orcs
  10 bats
  A giant cockroach (D:2)
  13 goblins
  14 hobgoblins
  2 jackals (D:3)
  A quokka (D:3)
  3 ball pythons
  6 frilled lizards
  8 kobolds
  A quokka skeleton (D:4)
  8 rats
90 creatures vanquished.

Vanquished Creatures (collateral kills)
  Sigmund (D:3)
  A bullfrog (D:5)
  A scorpion (D:4)
  A howler monkey (D:5)
  2 crimson imps (D:5)
  A hound (D:4)
  2 orc priests (D:3)
  A worker ant (D:5)
  Robin (D:2)
  An adder (D:4)
  3 worms
  15 orcs
  A hobgoblin (D:2)
  A jackal (D:3)
  4 goblins (D:2)
36 creatures vanquished.

Grand Total: 126 creatures vanquished

Notes
Turn   | Place    | Note
-------+----------+-------------------------------------------
     0 | D:1      | esteth the Deep Elf Conjurer began the quest for the Orb.
     0 | D:1      | Reached XP level 1. HP: 10/10 MP: 6/6
   117 | D:1      | Reached XP level 2. HP: 8/15 MP: 0/8
   135 | D:1      | Reached skill level 5 in Conjurations
   678 | D:1      | Reached XP level 3. HP: 19/19 MP: 5/9
  1308 | D:2      | Reached XP level 4. HP: 24/24 MP: 2/11
  1359 | D:2      | Noticed Robin
  1613 | D:2      | Learned a level 2 spell: Call Imp
  1617 | D:2      | Learned a level 3 spell: Conjure Flame
  1805 | D:2      | Reached skill level 6 in Conjurations
  1957 | D:2      | Killed Robin
  2363 | D:3      | Reached skill level 1 in Summonings
  2369 | D:3      | Reached XP level 5. HP: 19/28 MP: 5/13
  2457 | D:3      | Noticed Sigmund
  2545 | D:3      | Killed Sigmund
  2545 | D:3      | Reached skill level 5 in Spellcasting
  3294 | D:4      | Reached XP level 6. HP: 28/32 MP: 9/15
  3329 | D:4      | Reached skill level 1 in Shields
  4449 | D:5      | Entered Level 5 of the Dungeon
  4705 | D:5      | Learned a level 4 spell: Fulminant Prism
  4708 | D:5      | Learned a level 2 spell: Blink
  4889 | D:5      | Reached XP level 7. HP: 10/36 MP: 1/16
  5262 | D:5      | Found a burning altar of Makhleb.
  6070 | D:5      | Upgraded the game from 0.22-a0-307-g2b15929 to 0.22-a0-322-g60b3cfd
  6317 | D:6      | Slain by an iguana

Vault maps used:
D:1:      dpeg_arrival_rooms_a, minmay_shallow_snake_nest
D:2:      minmay_misc_feat_enclosed, minmay_goblin_outpost, uniq_robin
D:3:      uniq_sigmund
D:4:      first_ration, wad_orctagon
D:5:      makhleb_heckhound_becter
D:6:      lemuel_doored_altar, minmay_temple_entry_large_hall,
          minmay_three_doors

Skill      XL: |  1  2  3  4  5  6  7 |
---------------+----------------------+-----
Conjurations   | 5 6 |  6.5
Spellcasting   | 4 5 |  5.2
Summonings     | 1 2 |  2.5
Shields        | 3 4 |  4.2
Dodging        | |  2.4
Stealth        | |  2.4

Action                   |  1- 3 |  4- 6 |  7- 9 || total
-------------------------+-------+-------+-------++-------
Melee: Unarmed           |    15 |       |       ||    15
       Dagger            |     1 |    41 |    11 ||    53
 Cast: Magic Dart        |    85 |    95 |    30 ||   210
       Call Imp          |       |    45 |    33 ||    78
  Use: Scroll            |       |     7 |     1 ||     8
 Stab: Distracted        |       |     1 |       ||     1
  Eat: Chunk             |     1 |    10 |       ||    11
       Ration            |       |       |     2 ||     2
Armor: Robe              |       |    11 |     4 ||    15
Dodge: Dodged            |    20 |    56 |    19 ||    95
Block: Buckler           |       |    12 |    13 ||    25

Table legend:
 A = Spawn XP
 B = Non-spawn XP
 C = Spawn XP percentage of total XP
 D = Spawn monster count
 E = Non-spawn monster count
 F = Spawn count percentage of total count
 G = Total turns spent on level
                    A         B        C        D         E        F      G
               +---------+---------+-------+---------+---------+-------+---------
         Total |       0 |    1005 |   0.0 |       0 |     126 |   0.0 |  6317
               +---------+---------+-------+---------+---------+-------+---------
           D:1 |       0 |      57 |   0.0 |       0 |      33 |   0.0 |   992
           D:2 |       0 |      99 |   0.0 |       0 |      39 |   0.0 |  1276
           D:3 |       0 |     222 |   0.0 |       0 |      18 |   0.0 |   997
           D:4 |       0 |     155 |   0.0 |       0 |      16 |   0.0 |  1184
           D:5 |       0 |     441 |   0.0 |       0 |      17 |   0.0 |  1803
           D:6 |       0 |      31 |   0.0 |       0 |       3 |   0.0 |    65
               +---------+---------+-------+---------+---------+-------+---------
